SAA
LITTLE CAESARS HOT N READYS @ CHESAPEAKE CONTINENTALS
05/26/2022
 
TOP OF THE 1ST
Little Caesars Hot N Readys batting - Pitching for Chesapeake Continentals : RHP Harold Elkins
Pitching: RHP Harold Elkins
Batting: RHB Lorenzo Sabastro 0-0: Ball
1-0: Ball
2-0: Ball
3-0: Called Strike
3-1: Called Strike
3-2: Foul Ball, location: 2F
3-2: Fly out, F8 (Flyball, 8LM)
Batting: RHB Ulbert Sutkamp 0-0: Called Strike
0-1: Foul Ball, location: 2F
0-2: Ball
1-2: Foul Ball, location: 2F
1-2: Ball
2-2: Strikes out swinging
Batting: RHB Jim Unknown 0-0: Called Strike
0-1: Swinging Strike
0-2: Strikes out swinging
Top of the 1st over - 0 run(s), 0 hit(s), 0 error(s), 0 left on base; Little Caesars 0 - Chesapeake 0
BOTTOM OF THE 1ST
Chesapeake Continentals batting - Pitching for Little Caesars Hot N Readys : RHP Martín Flores
Pitching: RHP Martín Flores
Batting: SHB Juan Ortega 0-0: Ground out 1-3 (Groundball, 13S)
Batting: RHB Danilo Mosca 0-0: Called Strike
0-1: Ball
1-1: Ball
2-1: Ground out 4-3 (Groundball, 4)
Batting: RHB Mike Peterson 0-0: Ball
1-0: Ball
2-0: Ball
3-0: Base on Balls
Batting: RHB Ju-chan Pak 0-0: Foul Ball, location: 2F
0-1: Ball
1-1: Called Strike
1-2: Foul Ball, location: 2F
1-2: Ball
2-2: SINGLE (Groundball, 4M)
Mike Peterson to second
Batting: RHB Brett Callison 0-0: Foul Ball, location: 2F
0-1: Called Strike
0-2: Ball
1-2: Foul Ball, location: 2F
1-2: Foul Ball, location: 2F
1-2: Ball
2-2: Foul Ball, location: 2F
2-2: 3-RUN HOME RUN (Flyball, 7D), Distance : 374 ft
Batting: RHB Scott Allison 0-0: Ball
1-0: Ball
2-0: Foul Ball, location: 2F
2-1: Foul Ball, location: 2F
2-2: Strikes out swinging
Bottom of the 1st over - 3 run(s), 2 hit(s), 0 error(s), 0 left on base; Little Caesars 0 - Chesapeake 3
TOP OF THE 2ND
Little Caesars Hot N Readys batting - Pitching for Chesapeake Continentals : RHP Harold Elkins
Batting: RHB Jeffery Campbell 0-0: Ball
1-0: Called Strike
1-1: Swinging Strike
1-2: Ball
2-2: Foul Ball, location: 2F
2-2: Fly out, F6 (Popup, 6M)
Batting: LHB Sean Angwin 0-0: Called Strike
0-1: Swinging Strike
0-2: Ball
1-2: Strikes out looking
Batting: LHB Gustavo Cortéz 0-0: Swinging Strike
0-1: Ball
1-1: Fly out, F6 (Line Drive, 6D)
Top of the 2nd over - 0 run(s), 0 hit(s), 0 error(s), 0 left on base; Little Caesars 0 - Chesapeake 3
BOTTOM OF THE 2ND
Chesapeake Continentals batting - Pitching for Little Caesars Hot N Readys : RHP Martín Flores
Batting: SHB Tim Roberts 0-0: Called Strike
0-1: Ball
1-1: Ball
2-1: Ground out 4-3 (Groundball, 4S)
Batting: RHB Gustavo Varela 0-0: Ground out 6-3 (Groundball, 6)
Batting: SHB Pablo Vázquez 0-0: Fly out, F8 (Flyball, 78M)
Bottom of the 2nd over - 0 run(s), 0 hit(s), 0 error(s), 0 left on base; Little Caesars 0 - Chesapeake 3
TOP OF THE 3RD
Little Caesars Hot N Readys batting - Pitching for Chesapeake Continentals : RHP Harold Elkins
Batting: RHB Zong-yuan Fung 0-0: Swinging Strike
0-1: Ball
1-1: Foul Ball, location: 2F
1-2: Strikes out swinging
Batting: SHB Mike Barton 0-0: SINGLE (Groundball, 6MD)
Batting: SHB Valentín Guzmán 0-0: Ball
1-0: Fielders Choice at 2nd, 4-6 (Groundball, 34)
Batting: RHB Lorenzo Sabastro 0-0: Ball
1-0: Ball
2-0: Foul Ball, location: 2F
2-1: Called Strike
2-2: Strikes out swinging
Top of the 3rd over - 0 run(s), 1 hit(s), 0 error(s), 1 left on base; Little Caesars 0 - Chesapeake 3
BOTTOM OF THE 3RD
Chesapeake Continentals batting - Pitching for Little Caesars Hot N Readys : RHP Martín Flores
Batting: SHB Juan Ortega 0-0: Ground out 4-3 (Groundball, 4)
Batting: RHB Danilo Mosca 0-0: Called Strike
0-1: Ball
1-1: Fly out, F7 (Flyball, 7M)
Batting: RHB Mike Peterson 0-0: Called Strike
0-1: Foul Ball, location: 2F
0-2: Ball
1-2: Foul Ball, location: 2F
1-2: Strikes out swinging
Bottom of the 3rd over - 0 run(s), 0 hit(s), 0 error(s), 0 left on base; Little Caesars 0 - Chesapeake 3
TOP OF THE 4TH
Little Caesars Hot N Readys batting - Pitching for Chesapeake Continentals : RHP Harold Elkins
Batting: RHB Ulbert Sutkamp 0-0: Ground out 4-3 (Groundball, 4)
Batting: RHB Jim Unknown 0-0: Called Strike
0-1: Ball
1-1: Ball
2-1: Foul Ball, location: 2F
2-2: Foul Ball, location: 2F
2-2: Foul Ball, location: 2F
2-2: SINGLE (Groundball, 34)
Batting: RHB Jeffery Campbell 0-0: Ball
1-0: Called Strike
1-1: Foul Ball, location: 2F
1-2: Ball
2-2: Ball
3-2: Foul Ball, location: 2F
3-2: Grounds into double play, 6-4-3 (Groundball, 6)
Top of the 4th over - 0 run(s), 1 hit(s), 0 error(s), 0 left on base; Little Caesars 0 - Chesapeake 3
BOTTOM OF THE 4TH
Chesapeake Continentals batting - Pitching for Little Caesars Hot N Readys : RHP Martín Flores
Batting: RHB Ju-chan Pak 0-0: Fly out, F7 (Flyball, 7M)
Batting: RHB Brett Callison 0-0: Ball
1-0: Called Strike
1-1: Foul Ball, location: 2F
1-2: Ground out 5-3 (Groundball, 5L)
Batting: RHB Scott Allison 0-0: Ball
1-0: Ball
2-0: Ball
3-0: Base on Balls
Batting: SHB Tim Roberts 0-0: Ground out 4-3 (Groundball, 4)
Bottom of the 4th over - 0 run(s), 0 hit(s), 0 error(s), 1 left on base; Little Caesars 0 - Chesapeake 3
TOP OF THE 5TH
Little Caesars Hot N Readys batting - Pitching for Chesapeake Continentals : RHP Harold Elkins
Batting: LHB Sean Angwin 0-0: Ball
1-0: Called Strike
1-1: Swinging Strike
1-2: Foul Ball, location: 2F
1-2: Ball
2-2: Foul Ball, location: 2F
2-2: Strikes out swinging
Batting: LHB Gustavo Cortéz 0-0: Foul Ball, location: 2F
0-1: Ball
1-1: Ball
2-1: Ball
3-1: Base on Balls
Batting: RHB Zong-yuan Fung 0-0: SINGLE (Groundball, 4MD)
Gustavo Cortéz to second
Batting: SHB Mike Barton 0-0: Called Strike
0-1: Grounds into double play, 6-4-3 (Groundball, 6M)
Top of the 5th over - 0 run(s), 1 hit(s), 0 error(s), 1 left on base; Little Caesars 0 - Chesapeake 3
BOTTOM OF THE 5TH
Chesapeake Continentals batting - Pitching for Little Caesars Hot N Readys : RHP Martín Flores
Batting: RHB Gustavo Varela 0-0: Ball
1-0: Foul Ball, location: 2F
1-1: Called Strike
1-2: Strikes out swinging
Batting: SHB Pablo Vázquez 0-0: Called Strike
0-1: Ball
1-1: Fly out, F8 (Line Drive, 8RS)
Batting: SHB Juan Ortega 0-0: Fly out, F9 (Flyball, 89S)
Bottom of the 5th over - 0 run(s), 0 hit(s), 0 error(s), 0 left on base; Little Caesars 0 - Chesapeake 3
TOP OF THE 6TH
Little Caesars Hot N Readys batting - Pitching for Chesapeake Continentals : RHP Harold Elkins
Batting: SHB Valentín Guzmán 0-0: Foul Ball, location: 2F
0-1: Foul Ball, location: 2F
0-2: Ball
1-2: Ground out U3 (Groundball, 3S)
Batting: RHB Lorenzo Sabastro 0-0: Called Strike
0-1: Ball
1-1: Ball
2-1: Foul Ball, location: 2F
2-2: Strikes out swinging
Batting: RHB Ulbert Sutkamp 0-0: Foul Ball, location: 2F
0-1: Called Strike
0-2: Ball
1-2: Ball
2-2: Ball
3-2: Foul Ball, location: 2F
3-2: Strikes out swinging
Top of the 6th over - 0 run(s), 0 hit(s), 0 error(s), 0 left on base; Little Caesars 0 - Chesapeake 3
BOTTOM OF THE 6TH
Chesapeake Continentals batting - Pitching for Little Caesars Hot N Readys : RHP Martín Flores
Batting: RHB Danilo Mosca 0-0: Called Strike
0-1: Ball
1-1: Ground out 4-3 (Groundball, 4M)
Batting: RHB Mike Peterson 0-0: Called Strike
0-1: Called Strike
0-2: Ball
1-2: Ball
2-2: Foul Ball, location: 2F
2-2: Foul Ball, location: 2F
2-2: Ball
3-2: Strikes out swinging
Batting: RHB Ju-chan Pak 0-0: Called Strike
0-1: Called Strike
0-2: Foul Ball, location: 2F
0-2: Fly out, F8 (Flyball, 8RM)
Bottom of the 6th over - 0 run(s), 0 hit(s), 0 error(s), 0 left on base; Little Caesars 0 - Chesapeake 3
TOP OF THE 7TH
Little Caesars Hot N Readys batting - Pitching for Chesapeake Continentals : RHP Harold Elkins
Batting: RHB Jim Unknown 0-0: Called Strike
0-1: Ball
1-1: Ball
2-1: Swinging Strike
2-2: Ball
3-2: Base on Balls
Batting: RHB Jeffery Campbell 0-0: Grounds into double play, 4-6-3 (Groundball, 4)
Batting: LHB Sean Angwin 0-0: Ball
1-0: Ball
2-0: Swinging Strike
2-1: Foul Ball, location: 2F
2-2: Strikes out swinging
Top of the 7th over - 0 run(s), 0 hit(s), 0 error(s), 0 left on base; Little Caesars 0 - Chesapeake 3
BOTTOM OF THE 7TH
Chesapeake Continentals batting - Pitching for Little Caesars Hot N Readys : RHP Martín Flores
Batting: RHB Brett Callison 0-0: Swinging Strike
0-1: Called Strike
0-2: Strikes out swinging
Batting: RHB Scott Allison 0-0: Swinging Strike
0-1: Ball
1-1: Called Strike
1-2: SINGLE (Flyball, 6MD)
Batting: SHB Tim Roberts 0-0: Ball
1-0: Ball
2-0: Foul Ball, location: 2F
2-1: Foul Ball, location: 2F
2-2: Ball
3-2: Foul Ball, location: 2F
3-2: Foul Ball, location: 2F
3-2: Foul Ball, location: 2F
3-2: SINGLE (Line Drive, 8LS)
Scott Allison to second
Batting: RHB Gustavo Varela 0-0: Fly out, F9 (Flyball, 9M)
Batting: SHB Pablo Vázquez 0-0: Fly out, F6 (Popup, 6)
Bottom of the 7th over - 0 run(s), 2 hit(s), 0 error(s), 2 left on base; Little Caesars 0 - Chesapeake 3
TOP OF THE 8TH
Little Caesars Hot N Readys batting - Pitching for Chesapeake Continentals : RHP Harold Elkins
Batting: LHB Gustavo Cortéz 0-0: Called Strike
0-1: Ball
1-1: Ball
2-1: Foul Ball, location: 2F
2-2: Ball
3-2: Foul Ball, location: 2F
3-2: Fly out, F7 (Flyball, 78M)
Batting: RHB Zong-yuan Fung 0-0: Ball
1-0: SINGLE (Groundball, 34D)
Batting: SHB Mike Barton 0-0: Called Strike
0-1: Swinging Strike
0-2: Foul Ball, location: 2F
0-2: Ball
1-2: Ball
2-2: Strikes out swinging
Pitching: RHP Jim Unknown
Batting: SHB Valentín Guzmán 0-0: Called Strike
0-1: Swinging Strike
0-2: Strikes out swinging
Top of the 8th over - 0 run(s), 1 hit(s), 0 error(s), 1 left on base; Little Caesars 0 - Chesapeake 3
BOTTOM OF THE 8TH
Chesapeake Continentals batting - Pitching for Little Caesars Hot N Readys : RHP Martín Flores
Batting: SHB Juan Ortega 0-0: Ball
1-0: Ball
2-0: Swinging Strike
2-1: Ground out 6-3 (Groundball, 6)
Batting: RHB Danilo Mosca 0-0: Ball
1-0: Ground out 1-3 (Groundball, 15S)
Batting: RHB Mike Peterson 0-0: Ball
1-0: Ball
2-0: Ball
3-0: Base on Balls
Batting: RHB Ju-chan Pak 0-0: Called Strike
0-1: Ball
1-1: Foul Ball, location: 2F
1-2: Ball
2-2: Foul Ball, location: 2F
2-2: Ball
3-2: Foul Ball, location: 2F
3-2: Foul Ball, location: 2F
3-2: SINGLE (Line Drive, 4D)
Mike Peterson to second
Mike Peterson to third
Pitching: RHP José Juárez
Batting: RHB Brett Callison 0-0: Ball
1-0: Ball
2-0: Ball
3-0: Called Strike
3-1: Foul Ball, location: 2F
3-2: Strikes out swinging
Bottom of the 8th over - 0 run(s), 1 hit(s), 0 error(s), 2 left on base; Little Caesars 0 - Chesapeake 3
TOP OF THE 9TH
Little Caesars Hot N Readys batting - Pitching for Chesapeake Continentals : RHP Jim Unknown
Now at 2B: Gabriel Guerrero
Batting: RHB Lorenzo Sabastro 0-0: Ball
1-0: Ball
2-0: Called Strike
2-1: Swinging Strike
2-2: Strikes out swinging
Batting: RHB Ulbert Sutkamp 0-0: Ball
1-0: Ground out 6-3 (Groundball, 6)
Batting: RHB Jim Unknown 0-0: Swinging Strike
0-1: Foul Ball, location: 2F
0-2: Foul Ball, location: 2F
0-2: Fly out, F9 (Flyball, 9M)
Top of the 9th over - 0 run(s), 0 hit(s), 0 error(s), 0 left on base; Little Caesars 0 - Chesapeake 3
This league is powered by Out of the Park Baseball, the baseball management simulation game for PC, Mac and Linux
Friday, April 15th, 2016 - OOTP Baseball 16.9 Build 39